 Seeded DCSS version 0.30.1-9-gdf580d7c3d (webtiles) character file.

Game seed: 7229806256980976716 (custom seed)

152 Psyclone the Stinger (level 5, 0/24 (28) HPs)
             Began as a Deep Elf Venom Mage on Sept 28, 2023.
             Slain by a wyvern zombie (9 damage)
             ... on level 3 of the Dungeon.
             The game lasted 00:10:13 (2975 turns).

Psyclone the Stinger (Deep Elf Venom Mage)          Turns: 2975, Time: 00:10:14

HP:   0/24 (28)     AC:  6    Str:  5    XL:     5   Next: 11%
MP:   10/12         EV: 12    Int: 28    God:
Gold: 138           SH:  0    Dex: 15    Spells: 0/11 levels left

rFire   + . .        a - +3 Elemental Staff {rElec rF+ rC+ AC+3}
rCold   + + .        (no shield)
rNeg    + . .        d - +0 robe
rPois   .            (no helmet)
rElec   +            (no cloak)
rCorr   .            q - +0 pair of gloves
SInv    .            (no boots)
Will    .....        (no amulet)
Stlth   +++          e - ring "Wauwedd" {rC+ rN+ Int+6 Stlth+}
HPRegen 0.24/turn    (no ring)
MPRegen 0.13/turn

%: no passive effects
@: heavily drained
A: no striking features
a: no special abilities


You were on level 3 of the Dungeon.
You visited 1 branch of the dungeon, and saw 3 of its levels.

You collected 138 gold pieces.

Inventory:

Hand Weapons
 a - the +3 Elemental Staff (weapon) {rElec rF+ rC+ AC+3}
   (You acquired it on level 1 of the Dungeon)

   It enhances your fire, ice, earth and air magic.
   AC:        It affects your AC (+3).
   rF:        It protects you from fire.
   rC:        It protects you from cold.
   rElec:     It insulates you from electricity.
 p - a +0 falchion
Missiles
 j - a throwing net {!f}
Armour
 d - a +0 robe (worn)
 q - a +0 pair of gloves (worn)
Jewellery
 e - the ring "Wauwedd" (left hand) {rC+ rN+ Int+6 Stlth+}
   (You acquired it on level 1 of the Dungeon)

   [ring of intelligence]

   Int:       It affects your intelligence (+6).
   rC:        It protects you from cold.
   rN:        It protects you from negative energy.
   Stlth:     It makes you more stealthy.
Scrolls
 c - 3 scrolls of amnesia {unknown}
 f - a scroll of teleportation {unknown}
 g - a scroll of enchant armour {unknown}
 i - 2 scrolls of blinking {unknown}
 k - 4 scrolls of identify {unknown}
 r - a scroll of poison {unknown}
Potions
 b - a potion of magic
 h - 2 potions of mutation {unknown}
 l - a potion of might {unknown}
 m - 2 potions of brilliance {unknown}
 n - a potion of invisibility {unknown}
 o - 2 potions of curing {unknown}


   Skills:
 - Level 2.4 Dodging
 - Level 2.4 Stealth
 - Level 3.8 Spellcasting
 + Level 1.3 Transmutations
 + Level 0.5 Fire Magic
 - Level 6.0 Poison Magic


You couldn't memorise any spells.
You knew the following spells:

 Your Spells              Type           Power      Damage    Failure   Level
a - Poisonous Vapours     Pois/Air       66%        N/A       3%          2
b - Cigotuvi's Dreadful   Necr/Pois/Air  48%        N/A       4%          2
d - Mephitic Cloud        Conj/Pois/Air  24%        N/A       10%         3
s - Ignite Poison         Fire/Tmut/Pois 30%        N/A       8%          3
v - Sting                 Tmut/Pois      100%       1d8       1%          1

Your spell library contained the following spells:

 Spells                   Type           Power      Damage    Failure   Level
 Olgreb's Toxic Radiance  Pois           38%        N/A       6%          4
 Sticky Flame             Conj/Fire      10%        2d3       56%         4
 Dispel Undead            Necr           5%         3d7       58%         4
 Freezing Cloud           Conj/Ice/Air   6%         6-21      91%         5
 Death Channel            Necr           2%         N/A       100%        6
 Ignition                 Fire           6%         3d4       100%        8


Dungeon Overview and Level Annotations

Branches:
Dungeon (3/15) Zot: 15016

Altars:
Zin

Annotations:
D:3 kaesle's ghost, amateur HORe


Message History

You pick up a book of Decay and begin reading...
You add the spells Cigotuvi's Dreadful Rot, Dispel Undead and Death Channel to your library.
Memorise Cigotuvi's Dreadful Rot, consuming 2 spell levels and leaving 0?
You start memorising the spell.
You continue memorising. x2
You finish memorising.
Spell assigned to 'b'.
Casting: Poisonous Vapours (safe; 3% risk of failure)
Confirm with . or Enter, or press ? or * to list all spells.
Okay, then.
You open the gate.
Kaesle's ghost turns its malevolent gaze towards you.
The bullfrog skeleton attacks as you move away!
The bullfrog skeleton barely misses you.
The bullfrog skeleton hits you.
You take 3 damage, and have 25/28 hp.
The bullfrog skeleton attacks as you move away!
The bullfrog skeleton closely misses you.
The bullfrog skeleton hits you but does no damage.
The wyvern zombie attacks as you move away!
The wyvern zombie bites you!
You take 10 damage, and have 16/28 hp.
MASSIVE DAMAGE!!
The bullfrog skeleton attacks as you move away!
The bullfrog skeleton hits you. The wyvern zombie closely misses you.
You take 2 damage, and have 14/28 hp.
Casting: Poisonous Vapours (safe; 3% risk of failure)
Confirm with . or Enter, or press ? or * to list all spells.
You feel a surge of power!
A part of your flesh rots into a cloud of miasma!
You feel drained. The wyvern zombie bites you.
You take 5 damage, and have 10/24 hp.
MASSIVE DAMAGE!!
You now have 10/12 mp.
You hit the wyvern zombie.
The wyvern zombie is lightly damaged.
The wyvern zombie barely misses you. The wyvern zombie bites you.
You take 2 damage, and have 8/24 hp.
You barely miss the wyvern zombie.
The wyvern zombie is lightly damaged.
The wyvern zombie closely misses you.
You hit the wyvern zombie but do no damage.
The wyvern zombie is lightly damaged.
The wyvern zombie barely misses you. The wyvern zombie bites you!
You die...

##...........# ##...#
#............#
####..###
#............#
#.....#
#............##
#.##.<#
##...........Z#
#.##..#
##....#...##W###
###.##..## ##
####.######.ZZ#
##...##...# .# #..#
###Z###..###..#.# .#
##.# #@##..####.##.#
.## #.# #.##.##
#..##.## ..### #.#
###.##.####.###..#
#...## #.#
#...........# ##.#
###..# #.#
#..........## #.#
##.# #.# #..........#
#.# #.# #.#
#..........#####.###
#.###.#
#..........#........
#..##.#
##...................


You could see kaesle's ghost, a wyvern zombie, 2 bullfrog skeletons and a howler
monkey skeleton.

Vanquished Creatures
  A jelly (D:2)
  4 adders (D:2)
  An ufetubus (D:3)
  3 worms
  4 endoplasms
  5 giant cockroaches
  2 goblins
  5 hobgoblins
  20 jackals
  4 quokkas
  6 ball pythons
  5 bats
  A frilled lizard (D:1)
  4 rats
65 creatures vanquished.

Notes
Turn   | Place    | Note
-------+----------+-------------------------------------------
     0 | D:1      | Psyclone the Deep Elf Venom Mage began the quest for the
                  | Orb.
     0 | D:1      | Reached XP level 1. HP: 10/10 MP: 6/6
    52 | D:1      | Identified 3 scrolls of acquirement
    52 | D:1      | Acquired an Everburning Encyclopedia
    57 | D:1      | Acquired the +3 Elemental Staff {rElec rF+ rC+ AC+3}
    57 | D:1      | Found the +3 Elemental Staff {rElec rF+ rC+ AC+3}
    69 | D:1      | Acquired the ring "Wauwedd" {rC+ rN+ Int+6 Stlth+}
   247 | D:1      | Reached skill level 4 in Poison Magic
   247 | D:1      | Reached XP level 2. HP: 15/15 MP: 4/8
   253 | D:1      | Learned a level 2 spell: Poisonous Vapours
  1166 | D:2      | Reached XP level 3. HP: 18/19 MP: 2/9
  1335 | D:2      | Reached skill level 5 in Poison Magic
  1533 | D:2      | Reached XP level 4. HP: 24/24 MP: 7/10
  1865 | D:2      | Reached skill level 6 in Poison Magic
  1974 | D:2      | Learned a level 3 spell: Mephitic Cloud
  2547 | D:3      | Reached XP level 5. HP: 28/28 MP: 9/12
  2583 | D:3      | Found a runed translucent gate.
  2583 | D:3      | Found a runed translucent gate.
  2583 | D:3      | Found a runed translucent gate.
  2596 | D:3      | Learned a level 3 spell: Ignite Poison
  2715 | D:3      | Found a glowing silver altar of Zin.
  2934 | D:3      | Learned a level 2 spell: Cigotuvi's Dreadful Rot
  2960 | D:3      | Noticed kaesle's ghost (amateur HORe)
  2975 | D:3      | Slain by a wyvern zombie

Illustrated notes

Levels and vault maps discovered:
D:1:      spicycebolla_arrival_ecumenical, layout_loops_ring
D:2:      layout_basic
D:3:      layout_rooms, mainiacjoe_overflow_paths, gammafunk_ghost_necromancy

Skill      XL: |  1  2  3  4 |
---------------+-------------+-----
Poison Magic   | 4 5 6 |  6.0
Dodging        | |  2.4
Stealth        | |  2.4
Spellcasting   | |  3.8
Transmutations | |  1.3
Fire Magic     | |  0.5

Action                     |  1- 3 |  4- 6 || total
---------------------------+-------+-------++-------
  Melee: Staff             |    29 |    20 ||    49
         Punch             |     1 |       ||     1
   Cast: Sting             |    13 |     9 ||    22
         Poisonous Vapours |    36 |    26 ||    62
         Cigotuvi's Dreadf |       |     1 ||     1
    Use: Scroll            |     3 |       ||     3
   Stab: Sleeping          |       |     1 ||     1
 Armour: Robe              |    23 |    25 ||    48
  Dodge: Dodged            |    39 |    28 ||    67
